 Dungeon Crawl Stone Soup version 0.27-a0-633-gc6addc0a40 (webtiles) character file.

Game seed: 11066701258387467147

2226 spiderkeys the Cleaver (level 9, -2/118 HPs)
             Began as a Minotaur Berserker on Mar 14, 2021.
             Was a High Priest of Trog.
             Slain by a killer bee (4 damage)
             ... on level 6 of the Dungeon.
             The game lasted 00:10:15 (7206 turns).

spiderkeys the Cleaver (Minotaur Berserker)         Turns: 7206, Time: 00:10:17

Health: -2/118     AC: 17    Str: 25    XL:     9   Next: 13%
Magic:  8/8        EV: 10    Int:  6    God:    Trog [*****.]
Gold:   423        SH:  0    Dex: 10    Spells: 8/8 levels left

rFire    . . .     SeeInvis .   p - +0 war axe
rCold    + . .     Faith    .   (no shield)
rNeg     + . .     Spirit   .   q - +4 chain mail of the Gloaming {rElec Int+2}
rPois    .         Reflect  .   (helmet restricted)
rElec    +         Harm     .   t - +0 cloak
rCorr    .         Rampage  .   o - +0 pair of gloves
Will     .....                  (no boots)
Stlth    ..........             (no amulet)
HPRegen  0.29/turn              f - ring of protection from cold
MPRegen  0.11/turn              n - ring of positive energy

@: berserking, lethally poisoned (-2 -> -71), slowed
A: horns 2, retaliatory headbutt
a: Renounce Religion, Berserk, Trog's Hand, Brothers in Arms


You were on level 6 of the Dungeon.
You worshipped Trog.
Trog was extremely pleased with you.
You visited 1 branch of the dungeon, and saw 6 of its levels.

You collected 423 gold pieces.

Inventory:

Hand Weapons
 p - a +0 war axe (weapon)
Armour
 o - a +0 pair of gloves (worn)
 q - the +4 chain mail of the Gloaming (worn) {rElec Int+2}
   (You found it on level 4 of the Dungeon)

   It affects your intelligence (+2).
   It insulates you from electricity.
 t - a +0 cloak (worn)
Jewellery
 f - a ring of protection from cold (right hand)
 n - a ring of positive energy (left hand)
Wands
 b - a wand of paralysis (9)
Scrolls
 e - 3 scrolls of teleportation
 g - a scroll of enchant armour {unknown}
 j - a scroll of identify
 k - a scroll of fear {unknown}
 l - a scroll of random uselessness {unknown}
 r - a scroll of blinking
 s - a scroll of magic mapping {unknown}
Potions
 a - a potion of lignification {unknown}
 c - 2 potions of degeneration
 d - a potion of haste {unknown}
 h - a potion of ambrosia
 i - a potion of curing
 m - 2 potions of mutation


   Skills:
 + Level 7.4 Fighting
 * Level 9.9 Axes
 + Level 6.9 Armour
 + Level 6.3 Dodging


You had 8 spell levels left.
You didn't know any spells.
Your spell library contained the following spells:

 Spells                   Type           Power      Damage    Failure   Level
 Magic Dart               Conj           0%         1d3       96%         1
 Blink                    Tloc           N/A        N/A       99%         2
 Call Imp                 Summ           0%         N/A       99%         2
 Slow                     Hex            0%         N/A       99%         2
 Confusing Touch          Hex            0%         N/A       100%        3
 Conjure Flame            Conj/Fire      0%         6-21      100%        3
 Gell's Gravitas          Tloc           0%         N/A       100%        3
 Mephitic Cloud           Conj/Pois/Air  0%         N/A       100%        3
 Petrify                  Tmut/Erth      0%         N/A       100%        4
 Metabolic Englaciation   Hex/Ice        0%         N/A       100%        5
 Yara's Violent Unravell  Hex/Tmut       0%         3d3       100%        5


Dungeon Overview and Level Annotations

Branches:
Dungeon (6/15)             Temple (0/1) D:4

Altars:
Gozag
Hepliaklqana
Makhleb
Nemelex Xobeh
Okawaru
Qazlal
Uskayaw
Vehumet
Yredelemnul

Annotations:
D:6 1 transporter, ShadowManNeo's ghost, novice DrCj


Innate Abilities, Weirdness & Mutations

You have a pair of horns on your head.
You reflexively headbutt those who attack you in melee.


Message History

You slash the hornet! You slash the queen bee!
Your skin stops crawling.
You feel less strong-willed.
* * * LOW HITPOINT WARNING * * *
You feel very sick.
The killer bee stings you but does no damage.
The killer bee barely misses you. The hornet misses you.
The queen bee stings you.
* * * LOW HITPOINT WARNING * * *
You are more poisoned.
The queen bee poisons you! The killer bee misses you.
You closely miss the hornet.
You headbutt the hornet, but do no damage.
The hornet is heavily wounded.
You slash the queen bee! You barely miss the killer bee.
* * * LOW HITPOINT WARNING * * *
You feel extremely sick. The killer bee misses you. You furiously retaliate!
You headbutt the killer bee!
The killer bee stings you but does no damage.
The hornet stings you but does no damage.
The queen bee misses you. You furiously retaliate!
You headbutt the queen bee! The killer bee stings you!
* * * LOW HITPOINT WARNING * * *
The hornet stings you but does no damage.
You hit the queen bee. You headbutt the queen bee.
You feel the power of Trog in you as your rage grows.
You kill the queen bee!
Trog accepts your kill.
You barely miss the killer bee. You miss the hornet.
* * * LOW HITPOINT WARNING * * *
You feel extremely sick.
The killer bee stings you but does no damage. x2
The hornet barely misses you. The killer bee closely misses you.
You slice the hornet!!
The hornet is almost dead.
You completely miss the killer bee.
* * * LOW HITPOINT WARNING * * *
You feel very sick. The killer bee stings you.
You die...

.........#############..##
##......#####Wyyy$#####..#
.......###...#.y.#...###.#
.......##..#.y###..#..##.#
##.....###...#...#...###.##
##......#####..#..#####...#
.......###!..#. .#...###..#
.......##..#..###y.#.y##..#
....#..###.#.#.†@#.#.###..#
........#####..y†.#####...#
.........#############....#
...............©.......#.##
......###..........####...#
.......###..#........#....#
......####.###...........####
.........................)#.##
.#.#......##.................#


You could see a hornet and a killer bee (berserk).

Vanquished Creatures
  A queen bee (D:6)
  Grinder (D:6)
  A water moccasin (D:6)
  Duvessa (D:6)
  An orc warrior (D:4)
  An ogre (D:5)
  2 centaurs
  A phantom (D:6)
  A bullfrog (D:6)
  Dowan (D:6)
  A scorpion (D:3)
  3 wights (D:6)
  2 killer bees (D:6)
  2 centaur zombies
  2 jellies
  Crazy Yiuf (D:6)
  3 hounds
  5 orc priests
  2 orc wizards
  4 worker ants
  A howler monkey zombie (D:5)
  Robin (D:2)
  8 adders
  A river rat (D:4)
  A white imp (D:6)
  3 worms
  7 dart slugs
  5 leopard geckos
  26 orcs
  A ball python (D:3)
  4 bats
  8 giant cockroaches
  11 hobgoblins
  14 jackals
  11 kobolds
  2 quokkas
  9 frilled lizards
  17 goblins
  A leopard gecko skeleton (D:6)
  A quokka zombie (D:5)
  5 rats
173 creatures vanquished.

Notes
Turn   | Place    | Note
-------+----------+-------------------------------------------
     0 | D:1      | spiderkeys the Minotaur Berserker began the quest for the
                  | Orb.
     0 | D:1      | Reached XP level 1. HP: 19/19 MP: 0/0
   224 | D:1      | Reached XP level 2. HP: 25/27 MP: 1/1
   232 | D:1      | Reached skill level 4 in Axes
   431 | D:1      | Reached ** piety under Trog
   467 | D:1      | Reached XP level 3. HP: 30/33 MP: 2/2
   855 | D:2      | Found a hazy altar of Hepliaklqana.
   915 | D:2      | Reached XP level 4. HP: 33/40 MP: 3/3
   928 | D:2      | Noticed Robin
   929 | D:2      | Found a sparkling altar of Nemelex Xobeh.
   942 | D:2      | Killed Robin
  1483 | D:2      | You fall into a shaft and drop 1 floor!
  1510 | D:3      | Reached skill level 5 in Axes
  1510 | D:3      | Reached XP level 5. HP: 42/47 MP: 4/4
  2292 | D:3      | Reached *** piety under Trog
  2623 | D:3      | Reached XP level 6. HP: 55/55 MP: 5/5
  2754 | D:3      | Reached skill level 5 in Fighting
  2754 | D:3      | Reached skill level 6 in Axes
  2758 | D:3      | Found an iron altar of Okawaru.
  2945 | D:3      | Found an opulent altar of Gozag.
  3595 | D:4      | Noticed an orc warrior
  3607 | D:4      | Killed an orc warrior
  3857 | D:4      | Reached XP level 7. HP: 52/61 MP: 6/6
  3901 | D:4      | Found a staircase to the Ecumenical Temple.
  4036 | D:4      | Found a stormy altar of Qazlal.
  4040 | D:4      | Identified the +4 chain mail of the Gloaming {rElec Int+2}
  4194 | D:4      | Reached **** piety under Trog
  4477 | D:4      | Found a burning altar of Makhleb.
  4483 | D:4      | Reached skill level 7 in Axes
  4828 | D:5      | Entered Level 5 of the Dungeon
  4943 | D:5      | Reached skill level 5 in Armour
  5072 | D:5      | Found a basalt altar of Yredelemnul.
  5985 | D:5      | Reached skill level 5 in Dodging
  6033 | D:5      | Reached XP level 8. HP: 69/70 MP: 7/7
  6151 | D:5      | Reached skill level 8 in Axes
  6263 | D:6      | Found a radiant altar of Vehumet.
  6321 | D:6      | Noticed Grinder
  6332 | D:6      | Killed Grinder
  6714 | D:6      | Noticed Dowan
  6720 | D:6      | Reached skill level 9 in Axes
  6729 | D:6      | Killed Dowan
  6729 | D:6      | Reached ***** piety under Trog
  6804 | D:6      | Noticed Duvessa
  6813 | D:6      | Killed Duvessa
  6855 | D:6      | Noticed a queen bee
  6880 | D:6      | Found a transporter.
  6883 | D:6      | Noticed ShadowManNeo's ghost (novice DrCj)
  6885 | D:6      | Found a transporter.
  6885 | D:6      | Noticed a hornet
  6984 | D:6      | Found a hide-covered altar of Uskayaw.
  7111 | D:6      | Found a runed translucent door.
  7112 | D:6      | Noticed Crazy Yiuf
  7117 | D:6      | Killed Crazy Yiuf
  7197 | D:6      | Reached XP level 9. HP: 79/79 MP: 8/8
  7205 | D:6      | Killed a queen bee
  7206 | D:6      | HP: 2/118 [poisoned by a queen bee]
  7206 | D:6      | Slain by a killer bee

Illustrated notes

Levels and vault maps discovered:
D:1:      minmay_arrival_up_and_down, layout_rooms
D:2:      layout_basic, nicolae_overflow_crystal_walls, lemuel_crystal_altar,
          grunt_ministairs_6, minmay_tromino_v2, uniq_robin
D:3:      layout_basic, okawaru_gym_becter, grunt_gozag_breadcrumbs
D:4:      layout_basic, kennysheep_mini_moat, makhleb_blood_cavern_becter,
          temple_green, gup_sewer_entry_spiral, minmay_starry_boxes
D:5:      layout_basic, old_standard_altar
D:6:      layout_cave_pools, vehumet_crystals, kennysheep_little_box,
          gammafunk_ghost_hive, uniq_duvessa, uniq_grinder,
          uniq_crazy_yiuf_cottage

Skill      XL: |  1  2  3  4  5  6  7  8 |
---------------+-------------------------+-----
Axes           | 4 5 6 7 9 |  9.9
Fighting       | 4 5 6 7 |  7.4
Armour         | 3 4 5 6 |  6.9
Dodging        | 3 4 5 6 |  6.3

Action                   |  1- 3 |  4- 6 |  7- 9 || total
-------------------------+-------+-------+-------++-------
Melee: Hand axe          |    71 |   169 |    46 ||   286
       Headbutt          |    15 |    31 |    36 ||    82
       War axe           |       |       |   162 ||   162
Invok: Berserk           |       |     2 |     3 ||     5
       Trog's Hand       |       |       |     1 ||     1
  Use: Scroll            |       |       |     6 ||     6
Armor: Animal skin       |     7 |       |       ||     7
       Chain mail        |    30 |    86 |   145 ||   261
Dodge: Dodged            |    42 |    77 |   100 ||   219

Table legend: (Time is in decaauts)
 A = Elapsed time spent in this place.
 B = Non-inter-level travel time spent in this place.
 C = Inter-level travel time spent in this place.
 D = Time resting spent in this place.
 E = Time spent auto-exploring this place.
 F = Levels seen in this place.
 G = Mean time per level.
                   A        B        C        D        E       F      G
               +--------+--------+--------+--------+--------+-----+--------+
         Total |   7296 |   6854 |    442 |    456 |   5306 |   6 | 1216.0 |
       Dungeon |   7296 |   6854 |    442 |    456 |   5306 |   6 | 1216.0 |
               +--------+--------+--------+--------+--------+-----+--------+

Top non-repeatable levels by time:
     D:2: 1436 daAuts
     D:5: 1434 daAuts
     D:3: 1428 daAuts
     D:4: 1361 daAuts
     D:6: 977 daAuts
     D:1: 657 daAuts
